 Dungeon Crawl Stone Soup version 0.28-a0-514-g0d7ab7f379 (webtiles) character file.

Game seed: 18023900902798884179

167 siradein the Ducker (level 5, -4/41 HPs)
             Began as a Demonspawn Gladiator on Sept 22, 2021.
             Was an Initiate of Gozag.
             Slain by Blork the orc (12 damage)
             ... on level 4 of the Dungeon.
             The game lasted 00:07:35 (4599 turns).

siradein the Ducker (Demonspawn Gladiator)          Turns: 4599, Time: 00:07:35

Health: -4/41      AC:  4    Str: 14    XL:     5   Next: 23%
Magic:  5/5        EV: 15    Int: 10    God:    Gozag
Gold:   56         SH:  0    Dex: 15    Spells: 4/4 levels left

rFire   . . .      SeeInvis .   a - +0 trident
rCold   . . .      Faith    .   (no shield)
rNeg    . . .      Spirit   .   b - +0 leather armour
rPois   .          Reflect  .   c - +0 helmet
rElec   .          Harm     .   (no cloak)
rCorr   +          Rampage  .   (no gloves)
Will    .....                   (no boots)
Stlth   +.........              (no amulet)
HPRegen 0.13/turn               k - ring of resist corrosion
MPRegen 0.09/turn               (no ring)

@: no status effects
A: repulsion field 1, foul stench 1
a: Renounce Religion, Potion Petition, Call Merchant, Bribe Branch


You were on level 4 of the Dungeon.
You worshipped Gozag.
Gozag was noncommittal.
You visited 2 branches of the dungeon, and saw 5 of its levels.

You collected 73 gold pieces.
You paid 17 gold pieces to Gozag.

Inventory:

Hand Weapons
 a - a +0 trident (weapon)
Missiles
 d - a throwing net (quivered)
 h - 23 sling bullets
 j - 61 stones
Armour
 b - a +0 leather armour (worn)
 c - a +0 helmet (worn)
Jewellery
 k - a ring of resist corrosion (left hand)
 s - a ring of wizardry
Scrolls
 g - 2 scrolls of identify {unknown}
 i - 4 scrolls of teleportation {unknown}
 l - a scroll of silence {unknown}
 p - a scroll of torment {unknown}
 q - a scroll of fog {unknown}
 r - a scroll of enchant weapon {unknown}
Potions
 e - 4 potions of curing {unknown}
 f - a potion of flight {unknown}
 m - a potion of might {unknown}
 n - a potion of heal wounds {unknown}
 o - a potion of lignification {unknown}


   Skills:
 + Level 3.2 Fighting
 + Level 3.5 Polearms
 + Level 2.9 Throwing
 + Level 3.6 Dodging


You had 4 spell levels left.
You didn't know any spells.
Your spell library contained the following spells:

 Spells                   Type           Power      Damage    Failure   Level
 Ozocubu's Armour         Ice            0%         N/A       82%         3
 Summon Ice Beast         Ice/Summ       0%         N/A       99%         4
 Summon Mana Viper        Hex/Summ       0%         N/A       100%        5
 Monstrous Menagerie      Summ           0%         N/A       100%        7
 Ozocubu's Refrigeration  Ice            0%         4d5       100%        7


Dungeon Overview and Level Annotations

Branches:
Dungeon (4/15)             Temple (1/1) D:4

Altars:
Ashenzari
Elyvilon
Fedhas
Gozag
Hepliaklqana
Makhleb
Ru
Sif Muna
Uskayaw
Vehumet
Xom
Zin

Shops:
D:1 !

Annotations:
D:4 Blork the orc


Innate Abilities, Weirdness & Mutations

You are surrounded by a mild repulsion field. (EV +2)
You may rarely emit foul miasma when damaged in melee.


Message History

Blork the orc seems to speed up.
Blork the orc struggles against the net.
You reach to attack!
You catch the helpless Blork the orc completely off-guard!
You hit Blork the orc.
Blork the orc is severely wounded.
Blork the orc struggles against the net.
The net rips apart, and Blork the orc comes free!
You reach to attack!
You hit Blork the orc but do no damage.
Blork the orc is severely wounded.
Blork the orc hits you from afar with a +2 halberd of flaming.
Blork the orc burns you.
Blork the orc screams, "I'm going to kill you!"
Blork the orc misses you.
You are too injured to fight recklessly!
You are too injured to fight recklessly!
You are too injured to fight recklessly!
You are too injured to fight recklessly!
Unknown command.
Unknown command.
Reach: a) +0 trident
Press: ? - help, Dir - move target, f/p - Blork the orc
Aim: Blork the orc, wielding a +2 halberd of flaming and wearing a +1 robe of fire resistance (severely wounded, fast, about 37% to evade your +0 trident)
The black bear is in the way.
You barely miss the black bear. Blork the orc closely misses you.
The black bear closely misses you. The black bear claws you.
The black bear misses you.
Blork the orc hits you from afar with a +2 halberd of flaming.
* * * LOW HITPOINT WARNING * * *
Blork the orc burns you.
* * * LOW HITPOINT WARNING * * *
Reach: a) +0 trident
Press: ? - help, Dir - move target, f/p - Blork the orc
Aim: Blork the orc, wielding a +2 halberd of flaming and wearing a +1 robe of fire resistance (severely wounded, fast, about 37% to evade your +0 trident)
You reach to attack!
You closely miss Blork the orc.
Blork the orc is severely wounded.
Blork the orc misses you. The black bear barely misses you.
The black bear claws you but does no damage. x2
Blork the orc hits you from afar with a +2 halberd of flaming!
You die...
Your body crumbles into a pile of gold.

#.. #.. ######## ##. #......# ##.
### ##### ##......# ##.. ..
###....# #.......# ####... #.
##.. #..# #.......###......
#.##..###.####.......#...##.#.
#..........oh@...##....####.##
##....#..#...#..#####..# #.##
###.......##.8.##..#####.## #..#
##.....#..##.....##...##...# ##.#
#..##.##.##..#.#..##.....#.####..
..#...#.....##.##............###.
.##.###....##...##...#####....##.
<##......8....>....8.# ###.....
.##.#..#...##...##...# #.###.


You could see Blork the orc (fast) and a black bear.

Vanquished Creatures
  Robin (D:2)
  8 adders
  An adder skeleton (D:4)
  3 worms
  2 dart slugs
  An orc (D:4)
  7 bats
  7 endoplasms
  2 giant cockroaches
  11 goblins
  6 hobgoblins
  7 kobolds
  A quokka (D:3)
  6 ball pythons
  3 frilled lizards
  2 rats (D:2)
68 creatures vanquished.

Vanquished Creatures (others)
  2 plants (Temple)
2 creatures vanquished.

Grand Total: 70 creatures vanquished

Notes
Turn   | Place    | Note
-------+----------+-------------------------------------------
     0 | D:1      | siradein the Demonspawn Gladiator began the quest for the
                  | Orb.
     0 | D:1      | Reached XP level 1. HP: 16/16 MP: 1/1
   226 | D:1      | Noticed a floating eye
   228 | D:1      | Found a faded altar of an unknown god.
   232 | D:1      | Gained mutation: You may rarely emit foul miasma when
                  | damaged in melee. [demonic ancestry]
   232 | D:1      | Reached XP level 2. HP: 21/22 MP: 2/2
   240 | D:1      | Noticed an eye of devastation
   240 | D:1      | Noticed a shining eye
   240 | D:1      | Noticed a shining eye
   686 | D:1      | Found Nehohir's Distillery.
   756 | D:2      | Reached XP level 3. HP: 10/28 MP: 3/3
  1057 | D:2      | Noticed Robin
  1655 | D:2      | Killed Robin
  1701 | D:2      | Reached XP level 4. HP: 25/34 MP: 4/4
  2993 | D:3      | Found a sacrificial altar of Ru.
  3178 | D:3      | Found a shimmering blue altar of Sif Muna.
  3433 | D:3      | Gained mutation: You are surrounded by a mild repulsion
                  | field. (EV +2) [demonic ancestry]
  3433 | D:3      | Reached XP level 5. HP: 27/41 MP: 5/5
  3758 | D:4      | Found a broken altar of Ashenzari.
  3876 | D:4      | Found a staircase to the Ecumenical Temple.
  3972 | D:4      | Noticed Blork the orc
  4294 | Temple   | Entered the Ecumenical Temple
  4559 | Temple   | Became a worshipper of Gozag Ym Sagoz the Greedy
  4591 | D:4      | Noticed a black bear
  4599 | D:4      | Slain by Blork the orc

Illustrated notes

Levels and vault maps discovered:
D:1:      minmay_arrival_three_doors, layout_loops_ring,
          hellmonk_ecumenical_altar_watching_god, serial_shops,
          nicolae_shop_window_shopping
D:2:      layout_loops_ring, uniq_robin
D:3:      layout_rooms, led_sif_book, lemuel_tele_altar
D:4:      layout_rooms, mainiacjoe_overflow_concentric_impassable,
          minmay_temple_entry_waves, serial_curves, eino_curves_04,
          eino_curves_04, eino_curves_04, eino_curves_03, feat_on_display,
          uniq_blork_the_orc
Temple:   jpeg_temple_island

Skill      XL: |  1  2  3  4 |
---------------+-------------+-----
Throwing       | 2 |  2.9
Polearms       | 3 |  3.5
Dodging        | 3 |  3.6
Fighting       | 3 |  3.2

Action                   |  1- 3 |  4- 6 || total
-------------------------+-------+-------++-------
Melee: Trident           |    95 |   178 ||   273
       Unarmed           |       |     4 ||     4
Throw: Throwing net      |       |     2 ||     2
 Stab: Sleeping          |     1 |     4 ||     5
       Held in net/web   |       |     3 ||     3
Armor: Leather armour    |    26 |    28 ||    54
Dodge: Dodged            |    65 |   103 ||   168

Table legend: (Time is in decaauts)
 A = Elapsed time spent in this place.
 B = Non-inter-level travel time spent in this place.
 C = Inter-level travel time spent in this place.
 D = Time resting spent in this place.
 E = Time spent auto-exploring this place.
 F = Levels seen in this place.
 G = Mean time per level.
                   A        B        C        D        E       F      G
               +--------+--------+--------+--------+--------+-----+--------+
         Total |   4681 |   4638 |     43 |    961 |   2753 |   5 |  936.2 |
       Dungeon |   4361 |   4318 |     43 |    961 |   2495 |   4 | 1090.2 |
        Temple |    320 |    320 |      0 |      0 |    258 |   1 |  320.0 |
               +--------+--------+--------+--------+--------+-----+--------+

Top non-repeatable levels by time:
     D:1: 1450 daAuts
     D:3: 1285 daAuts
     D:2: 1040 daAuts
     D:4: 584 daAuts
  Temple: 320 daAuts
